 Dungeon Crawl Stone Soup version 0.27-a0-1177-g245c70e1c0 (webtiles) character file.

Game seed: 16239134089056815496

31 RealJoeEstevez the Digger (level 3, 0/24 HPs)
             Began as a Formicid Earth Elementalist on May 17, 2021.
             Slain by a scorpion (1 damage)
             ... on level 2 of the Dungeon.
             The game lasted 00:02:13 (1383 turns).

RealJoeEstevez the Digger (FoEE)                    Turns: 1383, Time: 00:02:13

Health: 0/24       AC:  3    Str: 12    XL:     3   Next: 40%
Magic:  0/7        EV: 12    Int: 21    God:
Gold:   38         SH:  0    Dex: 11    Spells: 3/7 levels left

rFire    . . .     SeeInvis +   h - +0 spear
rCold    . . .     Faith    .   (no shield)
rNeg     . . .     Spirit   .   c - +0 robe
rPois    .         Reflect  .   (helmet unavailable)
rElec    .         Harm     .   (no cloak)
rCorr    .         Rampage  .   d - +0 pair of gloves
Will     .....                  (no boots)
Stlth    ++........             (no amulet)
HPRegen  0.08/turn              i - +6 ring of intelligence
MPRegen  0.10/turn              (no ring)

@: no status effects
A: permanent stasis, dig shafts and tunnels, antennae 3, four strong arms
a: Dig, Shaft Self


You were on level 2 of the Dungeon.
You visited 1 branch of the dungeon, and saw 2 of its levels.

You collected 38 gold pieces.

Inventory:

Hand Weapons
 g - a +0 flail
 h - a +0 spear (weapon)
Missiles
 b - 44 stones
Armour
 c - a +0 robe (worn)
 d - a +0 pair of gloves (worn)
Jewellery
 i - a +6 ring of intelligence (left hand)
Scrolls
 e - a scroll of fear {unknown}
 f - a scroll of brand weapon {unknown}
Potions
 a - a potion of berserk rage {unknown}


   Skills:
 - Level 1.7 Dodging
 - Level 2.4 Stealth
 + Level 2.7 Spellcasting
 * Level 0.1 Conjurations
 - Level 1.1 Transmutations
 * Level 4.6 Earth Magic


You had 3 spell levels left.
You knew the following spells:

 Your Spells              Type           Power      Damage    Failure   Level
a - Sandblast             Erth           44%        2d11      1%          1
b - Stone Arrow           Conj/Erth      26%        3d8       16%         3

Your spell library contained the following spells:

 Spells                   Type           Power      Damage    Failure   Level
 Passwall                 Tmut/Erth      12%        N/A       6%          2
 Magic Dart               Conj           12%        1d3       13%         1
 Call Imp                 Summ           2%         N/A       21%         2
 Slow                     Hex            2%         N/A       21%         2
 Conjure Flame            Conj/Fire      3%         6-21      36%         3
 Mephitic Cloud           Conj/Pois/Air  3%         N/A       38%         3
 Petrify                  Tmut/Erth      15%        N/A       38%         4
 Lee's Rapid Deconstruct  Erth           11%        3d9*      50%         5
 Blink                    Tloc           Unusable   N/A       N/A         2

Dungeon Overview and Level Annotations

Branches:
Dungeon (2/15)

Altars:


Innate Abilities, Weirdness & Mutations

You cannot be hasted, slowed, berserked, paralysed or teleported.
You can dig through walls and to a lower floor.
You have a pair of large antennae on your head. (SInv)
Your four strong arms can wield two-handed weapons with a shield.


Message History

The scorpion stings you. x2
Unknown command.
Casting: Sandblast (safe; 1% risk of failure)
Confirm with . or Enter, or press ? or * to list all spells.
Aiming: Sandblast (safe; 1% risk of failure)
Press: ? - help, Shift-Dir - straight line, f/p - scorpion
Aim: a scorpion (moderately wounded, 81% to hit)
The blast of sand hits the scorpion but does no damage.
The scorpion is moderately wounded.
The scorpion stings you.
Unknown command.
Casting: Sandblast (safe; 1% risk of failure)
Confirm with . or Enter, or press ? or * to list all spells.
Aiming: Sandblast (safe; 1% risk of failure)
Press: ? - help, Shift-Dir - straight line, f/p - scorpion
Aim: a scorpion (moderately wounded, 81% to hit)
The blast of sand hits the scorpion.
The scorpion is severely wounded.
The scorpion stings you.
Unknown command.
Casting: Sandblast (safe; 1% risk of failure)
Confirm with . or Enter, or press ? or * to list all spells.
Aiming: Sandblast (safe; 1% risk of failure)
Press: ? - help, Shift-Dir - straight line, f/p - scorpion
Aim: a scorpion (severely wounded, 81% to hit)
The blast of sand hits the scorpion but does no damage.
The scorpion is severely wounded.
The scorpion stings you!
* * * LOW HITPOINT WARNING * * *
Casting: Sandblast (safe; 1% risk of failure)
Confirm with . or Enter, or press ? or * to list all spells.
Aiming: Sandblast (safe; 1% risk of failure)
Press: ? - help, Shift-Dir - straight line, f/p - scorpion
Aim: a scorpion (heavily wounded, 81% to hit)
The blast of sand hits the scorpion.
The scorpion is severely wounded.
The scorpion barely misses you.
Unknown command.
The scorpion stings you.
You die...

. . .##. ###
... .... ..#
#... #.#
#[?.##.#
#....[.######
#.#.#.s.<<..#
#.@...#...#
#.....###.#
#..##.# ..
#..(..# ##
#.##### #. #.
#.


You could see a scorpion.

Vanquished Creatures
  A dart slug (D:1)
  3 endoplasms (D:1)
  3 giant cockroaches (D:1)
  2 goblins (D:1)
  4 hobgoblins (D:1)
  2 jackals (D:1)
  3 kobolds (D:1)
  A ball python (D:1)
  2 bats (D:1)
  A frilled lizard (D:1)
  4 rats (D:1)
26 creatures vanquished.

Notes
Turn   | Place    | Note
-------+----------+-------------------------------------------
     0 | D:1      | RealJoeEstevez the Formicid Earth Elementalist began the
                  | quest for the Orb.
     0 | D:1      | Reached XP level 1. HP: 13/13 MP: 3/3
   250 | D:1      | Reached skill level 4 in Earth Magic
   250 | D:1      | Reached XP level 2. HP: 16/19 MP: 0/5
   732 | D:1      | Reached XP level 3. HP: 14/24 MP: 4/6
   944 | D:1      | Learned a level 3 spell: Stone Arrow
  1372 | D:2      | Noticed a scorpion
  1380 | D:2      | HP: 1/24 [scorpion (8)]
  1383 | D:2      | Slain by a scorpion

Illustrated notes

Levels and vault maps discovered:
D:1:      nicolae_arrival_washed_ashore, layout_basic
D:2:      layout_basic, ebering_ecumenical_altar_petrified

Skill      XL: |  1 |
---------------+----+-----
Earth Magic    | 4 |  4.6
Dodging        | |  1.7
Stealth        | |  2.4
Spellcasting   | |  2.7
Conjurations   | |  0.1
Transmutations | |  1.1

Action                   || total
-------------------------++-------
Melee: Unarmed           ||    49
       Flail             ||    26
       Spear             ||    15
 Cast: Sandblast         ||    20
 Stab: Distracted        ||     1
Armor: Robe              ||    31
Dodge: Dodged            ||    63

Table legend: (Time is in decaauts)
 A = Elapsed time spent in this place.
 B = Non-inter-level travel time spent in this place.
 C = Inter-level travel time spent in this place.
 D = Time resting spent in this place.
 E = Time spent auto-exploring this place.
 F = Levels seen in this place.
 G = Mean time per level.
                   A        B        C        D        E       F      G
               +--------+--------+--------+--------+--------+-----+--------+
         Total |   1393 |   1371 |     22 |     12 |   1092 |   2 |  696.5 |
       Dungeon |   1393 |   1371 |     22 |     12 |   1092 |   2 |  696.5 |
               +--------+--------+--------+--------+--------+-----+--------+

Top non-repeatable levels by time:
     D:1: 1376 daAuts
     D:2: 16 daAuts
